Workbook

Sheet Organizational diagnosis
C1: Orgnizational Design: A Step-by-Step Approach©
C3: Richard M. Burton, Borge Obel and Dorthe Døjbak Håkonsson
C5: Organizational diagnosis
C7: Welcome to the spreadsheet model. The Organizational diagnosis contain macros, if there is any trouble activating this feature, go to the sheet "Guide for VBA". This will ensure the spreadsheet is saved macro enabled as well as ensuring the macros works properly. Furthermore, you should know that inserting or deleting rows or columns will make the macros not function.
C10: Goals of the organization
C13: To begin the organizational design process, choose the unit of analysis and keep that fixed throughout the step-by-step method: the top management layer of a large firm, a small firm, a division within a large firm, a department or a project. Thus, we advise starting with the whole firm by taking a cascade approach from top to bottom to obtain a complete analysis. Start at the executive level of the organization, go through the five-step design process, and then repeat the process for each major department or business division. You may have to iterate more than once. Of course the task of your design approach may not be the total firm. But our advice is to start at the top of the unit you are considering. It is essential that all the information relevant to assess the different design variables is brought together and diagnosed in an integrated fashion. To enable an organizational audit, what is essential is that all information is available to be dealt with once the diagnosis process begins. Therefore, it may be necessary to define the information gathering as a project, with clear allocation of project responsibilities and milestones for when the data should be retrieved. Depending on the organization and its situation, the information gathering project may take many forms and shapes.
C27: 1. What is the unit of analysis for the step-by-step approach?
D28: Magazine
C31: 2. What does the organization do? What is its major work activity?
D32: Imperia company produces hybrid vehicles which uses traditional engine and rechargeble system
C35: 3. How does the organization score on efficiency? | N35: (1-5)
D36: a. Does the firm discuss the relation between the input of resources and the output of products and/or services; does the firm want to utilize its resources well? | N36: 5
D37: b. Does the firm discuss (and value) the relation between the effort spent by employees and what they produce; does the firm want to make good use of the employees’ skills? | N37: 5
D38: c. Does the firm support employee skills development and learning for enhancing productivity? | N38: 4
D39: d. Does the firm’s leadership articulate its concern for a strong relationship on the above? | N39: 5
D40: The score on efficiency | N40: =AVERAGE(N36:N39) -> 4.75 | O40: y-axis
C43: 4. How does the organization score on effectiveness? | N43: (1-5)
D44: a. How close does the firm want to be to its customers; does it meet the customer needs precisely – present and anticipated? | N44: 5
D45: b. How close does the firm want to be to social demands, including its regulators; does it want to meet environmental needs – present and anticipated? | N45: 5
D46: c. How close does the firm want to be to its suppliers, including outsourcers: does it want to relate to supplier needs and concerns – present and anticipated? | N46: 5
D47: d. How close does the firm want to be to its financiers and stockholders: does it value its relations with its owners, banks and financial institutions – present and anticipated? | N47: 4
D48: The score on effectiveness | N48: =AVERAGE(N44:N47) -> 4.75 | O48: x-axis
C50: Quadrant name: | F50: =IF(AND(N48<3,N40<3),"A",IF(AND(N48<3,N40>3),"B",IF(AND(N48>3,N40<3),"C",IF(AND(N48>3,N40>3),"D",IF(AND(N48<3,N40=3),"A/B",IF(AND(N48>3,N40=3),"C/D",IF(AND(N48=3,N40<3),"A/C",IF(AND(N48=3,N40>3),"B/D",IF(AND(N48=3,N40=3),"A/B/C/D","ERROR"))))))))) -> D
C55: Strategy
C58: Use this unit of analysis as the organization when answering the questions below.
C61: 1. Exploration: | N61: (1-5)
D62: a. How innovative are the firm’s products? | N62: 5
D63: b. What is the price compared to the value of the product? | N63: 5
D64: c. What is the price level compared to the quality level? | N64: 5
D65: d. How frequently does the firm develop new products? | N65: 3
D66: e. How difficult is it for other firms to develop related products? | N66: 4
D67: The score on exploration | N67: =AVERAGE(N62:N66) -> 4.4 | O67: x-axis
C70: 2. Exploitation: | N70: (1-5)
D71: a. What is the firm’s degree of process innovation? | N71: 5
D72: b. What are its prices compared to the competition? | N72: 4
D73: c. What is its quality in terms of its standardization and reliability? | N73: 4
D74: d. What is the number of products the organization has compared to its competitors? | N74: 3
D75: e. What are the barriers to entry in its industry? | N75: 4
D76: The score on exploitation | N76: =AVERAGE(N71:N75) -> 4 | O76: y-axis
C79: Quadrant name: | F79: =IF(AND(N67<3,N76<3),"Reactor",IF(AND(N67<3,N76>3),"Defender",IF(AND(N67>3,N76<3),"Prospector",IF(AND(N67>3,N76>3,N67>N76),"Analyzer with innovation",IF(AND(N67>3,N76>3,N76>N67),"Analyzer without innovation",IF(AND(N67<3,N76=3),"Reacter/Defender",IF(AND(N67>3,N76=3),"Prospector/Analyzer with innovation",IF(AND(N67=3,N76<3),"Reactor/Prospector",IF(AND(N67=3,N76>3),"Defender/Analyzer without innovation",IF(AND(N67=3,N76=3),"Reactor/Defender/Prospector/Analyzer",IF(AND(N67>3,N76>3,N67=N76),"Analyzer with/without innovation","ERROR"))))))))))) -> Analyzer with innovation
C84: Environment
C88: 1. First, assess the degree of complexity of the environment for your unit of analysis. Complexity is the number of variables in the environment and their interdependency. It refers to factors that can influence the operations and outcome of your organization. These may include the industry, the competitors, suppliers, the financial system, the human resource talent pool, new technology, prices, quality requirements, financial conditions, governmental relations, and political conditions, among many other factors. Identify external conditions that in a significant way could affect your chosen organization. These should be conditions that you constantly feel you need to scan and monitor.
D97: a. What is the number of critical factors in the firm’s environment? List each factor below and then count to estimate the total number of critical factors.
C99: 1) | D99: Critical factor 1 competitors | O99: =IF(D99>0,1,0) -> 1
C100: 2) | D100: Critical factor 2 new technology | O100: =IF(D100>0,1,0) -> 1
C101: 3) | D101: Critical factor 3 human resource | O101: =IF(D101>0,1,0) -> 1
C102: 4) | D102: Critical factor 4 governmental relations | O102: =IF(D102>0,1,0) -> 1
C103: 5) | D103: critical factor 5 financial conditions | O103: =IF(D103>0,1,0) -> 1
C104: 6) | D104: critical factor 6 quality requirements | O104: =IF(D104>0,1,0) -> 1
C105: 7) | O105: =IF(D105>0,1,0) -> 0
C106: 8) | O106: =IF(D106>0,1,0) -> 0
C107: 9) | O107: =IF(D107>0,1,0) -> 0
C108: 10) | O108: =IF(D108>0,1,0) -> 0
C109: 11) | O109: =IF(D109>0,1,0) -> 0
C110: 12) | O110: =IF(D110>0,1,0) -> 0
C111: 13) | O111: =IF(D111>0,1,0) -> 0
D112: Total number of critical factors: | N112: =SUM(O99:O111) -> 6
D114: b. What is the overall interdependency among these factors? That is, to what extent is this set of factors interrelated, or correlated with one another? Select an overall rating of: low, medium, or high.
H117: Set "X"
G118: Low
G119: Medium
G120: High | H120: x
G121: Result: | H121: =IF(H118>=1,1,IF(H119>=1,2,IF(H120>=1,3,0))) -> 3
D123: To determine how the organization score on complexity, revise with the following table:
D125: Interdependency of factors | F125: Number of factors in the environment
F126: 1-3 | G126: 4-6 | H126: 7-9 | I126: 10-12 | J126: More than 12
D127: Low | F127: 1 | G127: 1 | H127: 2 | I127: 2 | J127: 3
D128: Medium | F128: 1 | G128: 2 | H128: 3 | I128: 4 | J128: 5
D129: High | F129: 3 | G129: 4 | H129: 4 | I129: 5 | J129: 5
I131: The score on complexity is calculated here: | N131: 3 | O131: y-axis
C134: 2. Unpredictability: For each factor that you have included in the firm’s environment in Part 1a above, score its unpredictability on the scale from 1 to 5 | N134: (1-5)
C136: =+C99 -> 1) | D136: =IF(D99>0,D99,0) -> Critical factor 1 competitors | N136: 3
C137: =+C100 -> 2) | D137: =IF(D100>0,D100,0) -> Critical factor 2 new technology | N137: 3
C138: =+C101 -> 3) | D138: =IF(D101>0,D101,0) -> Critical factor 3 human resource | N138: 1
C139: =+C102 -> 4) | D139: =IF(D102>0,D102,0) -> Critical factor 4 governmental relations | N139: 4
C140: =+C103 -> 5) | D140: =IF(D103>0,D103,0) -> critical factor 5 financial conditions | N140: 4
C141: =+C104 -> 6) | D141: =IF(D104>0,D104,0) -> critical factor 6 quality requirements | N141: 2
C142: =+C105 -> 7) | D142: =IF(D105>0,D105,0) -> 0
C143: =+C106 -> 8) | D143: =IF(D106>0,D106,0) -> 0
C144: =+C107 -> 9) | D144: =IF(D107>0,D107,0) -> 0
C145: =+C108 -> 10) | D145: =IF(D108>0,D108,0) -> 0
C146: =+C109 -> 11) | D146: =IF(D109>0,D109,0) -> 0
C147: =+C110 -> 12) | D147: =IF(D110>0,D110,0) -> 0
C148: =+C111 -> 13) | D148: =IF(D111>0,D111,0) -> 0
M149: The score on unpredictability is: | N149: =AVERAGE(N136:N148) -> 2.8333333 | O149: x-axis
C151: Quadrant name: | F151: =IF(AND(N149<3,N131<3),"Calm",IF(AND(N149<3,N131>3),"Varied",IF(AND(N149>3,N131<3),"Locally Stormy",IF(AND(N149>3,N131>3),"Turbulent",IF(AND(N149<3,N131=3),"Calm/Varied",IF(AND(N149>3,N131=3),"Locally stormy/Turbulent",IF(AND(N149=3,N131<3),"Calm/Locally stormy",IF(AND(N149=3,N131>3),"Varied/Turbulent",IF(AND(N149=3,N131=3),"Calm/Varied/Locally stormy/Turbulent","ERROR"))))))))) -> Calm/Varied
C154: Configuration
C158: 1. What is your unit of analysis that you chose in Chapters 1, 2, and 3? Use this unit of analysis as the organization when answering the questions below. The questions below will help you locate your organization on the functional orientation dimension and the product/service/customer dimension.
C163: 2. Product/service/customer orientation | N163: (1-5)
D164: a. Is the focus of your activities on internal operations of the organization (1) or, are you more focused toward products, services, and/or customers (5)? | N164: 5
D165: b. To what extent do you form subunits to organize work around your customers, (1)–(5)? | N165: 4
D166: c. To what extent do you form subunits to organize work around your firm’s products or services, (1)–(5)? | N166: 5
D167: The score on product/service/customer orientation | N167: =AVERAGE(N164:N166) -> 4.6666667 | O167: x-axis
C169: 3. Functional specialization | N169: (1-5)
D170: a. To what extent does your organization create subunits based on specialties or skills of its workers, (1)–(5)? | N170: 4
D171: b. Is your orientation toward specialization of functions and clear definition of jobs, i.e., high on functional specialization, or is your orientation low on specialization, (1)–(5)? | N171: 4
D172: c. To what extent does the firm have clearly defined roles and responsibilities for various subunits, (1)–(5)? | N172: 5
D173: The average score to get the score functional specialization | N173: =AVERAGE(N170:N172) -> 4.3333333 | O173: y-axis
C176: 4. You can now locate your organization on Figure 4.7. What is your firm’s configuration?
C179: Quadrant name: | F179: =IF(AND(N167<3,N173<3),"Simple",IF(AND(N167>3,N173<3),"Divisional",IF(AND(N167<3,N173>3),"Functional",IF(AND(N167>3,N173>3),"Matrix",IF(AND(N167=3,N173<3),"Simple/Divisional",IF(AND(N167=3,N173>3),"Functional/Matrix",IF(AND(N167>3,N173=3),"Matrix/Divisional",IF(AND(N167<3,N173=3),"Functional/Simple",IF(AND(N167=3,N173=3),"Functional/Matrix/Simple/Divisional","ERROR"))))))))) -> Matrix
...

Sheet Chart
A34: =+'Organizational diagnosis'!C10 -> Goals of the organization | B34: Current scores
A35: Score on Efficiency | B35: =+'Organizational diagnosis'!N48 -> 4.75 | C35: x
A36: Score on Effectiveness | B36: =+'Organizational diagnosis'!N40 -> 4.75 | C36: y
A37: Quadrant name: | B37: =+'Organizational diagnosis'!F50 -> D
A39: =+'Organizational diagnosis'!C55 -> Strategy
A40: Score on Exploration | B40: =+'Organizational diagnosis'!N67 -> 4.4 | C40: x
A41: Score on Exploitation | B41: =+'Organizational diagnosis'!N76 -> 4 | C41: y
A42: Quadrant name: | B42: =+'Organizational diagnosis'!F79 -> Analyzer with innovation
A44: =+'Organizational diagnosis'!C84 -> Environment
A45: Score on Complexity | B45: =+'Organizational diagnosis'!N149 -> 2.8333333 | C45: x
A46: Score on Unpredictability | B46: =+'Organizational diagnosis'!N131 -> 3 | C46: y
A47: Quadrant name: | B47: =+'Organizational diagnosis'!F151 -> Calm/Varied
A49: =+'Organizational diagnosis'!C154 -> Configuration
A50: Score on Product/Service/Customer Orientation | B50: =+'Organizational diagnosis'!N167 -> 4.6666667 | C50: x
A51: Score on Functional specialization | B51: =+'Organizational diagnosis'!N173 -> 4.3333333 | C51: y
A52: Quadrant name: | B52: =+'Organizational diagnosis'!F179 -> Matrix
A54: =+'Organizational diagnosis'!C182 -> Organizational forms
A55: Score on Local responsiveness | B55: =+'Organizational diagnosis'!N191 -> 2 | C55: x
A56: Score on Optimal sourcing | B56: =+'Organizational diagnosis'!N201 -> 2.6 | C56: y
A57: Quadrant name: | B57: =+'Organizational diagnosis'!F203 -> Global
A58: Score External activities | B58: =+'Organizational diagnosis'!N222 -> 4.3333333 | C58: x
A59: Score on External people | B59: =+'Organizational diagnosis'!N213 -> 4.6666667 | C59: y
A60: Quadrant name: | B60: =+'Organizational diagnosis'!F224 -> Confederation
A62: =+'Organizational diagnosis'!C228 -> Task design
A63: Score on Repetitiveness | B63: =+'Organizational diagnosis'!N237 -> 4.6666667 | C63: x
A64: Score on Divisibility | B64: =+'Organizational diagnosis'!N243 -> 3.3333333 | C64: y
A65: Quadrant name: | B65: =+'Organizational diagnosis'!F245 -> Knotty
A67: =+'Organizational diagnosis'!C250 -> People
A68: Score on Number of people | B68: ='Organizational diagnosis'!N266 -> 5 | C68: y
A69: Score on Professionalization | B69: ='Organizational diagnosis'!N276 -> 2 | C69: x
A70: Quadrant name: | B70: =+'Organizational diagnosis'!F278 -> Factory
A72: =+'Organizational diagnosis'!C283 -> Leadership and organizational climate
A73: Score on Preference for delegation | B73: =+'Organizational diagnosis'!N298 -> 3.6666667 | C73: x
A74: Score on Uncertainty avoidance | B74: =+'Organizational diagnosis'!N309 -> 4.25 | C74: y
A75: Quadrant name: | B75: =+'Organizational diagnosis'!F311 -> Producer
A76: Score on Rediness to change | B76: =+'Organizational diagnosis'!N321 -> 3.5 | C76: x
A77: Score on Tension | B77: =+'Organizational diagnosis'!N329 -> 5 | C77: y
A78: Quadrant name: | B78: =+'Organizational diagnosis'!F331 -> Rational goal
A80: =+'Organizational diagnosis'!C337 -> Coordination, control, and information and knowledge systems
A81: Score on Decentralization | B81: =+'Organizational diagnosis'!N348 -> 3.8 | C81: x
A82: Score on Formalization | B82: =+'Organizational diagnosis'!N357 -> 3.6 | C82: y
A83: Quadrant name: | B83: =+'Organizational diagnosis'!F359 -> Mosaic
A84: Score on Tacit nature of information | B84: =+'Organizational diagnosis'!N371 -> 2.75 | C84: x
A85: Score on Amount of information | B85: =+'Organizational diagnosis'!N380 -> 3.3333333 | C85: y
A86: Quadrant name: | B86: =+'Organizational diagnosis'!F382 -> Data-driven
A88: =+'Organizational diagnosis'!C385 -> Incentives
A89: Score on Basis of evaluation | B89: =+'Organizational diagnosis'!N393 -> 2 | C89: x
A90: Score on Target of incentives | B90: =+'Organizational diagnosis'!N400 -> 3.3333333 | C90: y
A91: Quadrant name: | B91: =+'Organizational diagnosis'!F402 -> Skill pay
A95: Table 10.1 Fit and misfit table for incentive alignments in the diamond model
A96: Corresponding quadrant in organizational design space | B96: A | C96: B | D96: C | E96: D
A98: Incentives | B98: Personal pay | C98: Skill pay | D98: Bonus-based | E98: Profit sharing/gain-sharing
A99: Information and knowledge systems | B99: Event-driven | C99: Data-driven | D99: People-driven | E99: Relationship-driven
A100: Coordination and control | B100: Family | C100: Machine | D100: Market | E100: Mosaic | F100: Clan
A101: Organizational climate | B101: Group | C101: Internal process | D101: Developmental | E101: Rational goal
A102: Leadership | B102: Maestro | C102: Manager | D102: Leader | E102: Producer
A103: People | B103: Shop | C103: Factory | D103: Laboratory | E103: Office
A104: Task design | B104: Orderly | C104: Complicated | D104: Fragmented | E104: Knotty
A105: Agreements | B105: Self-contained | C105: Provider | D105: Collaborative community | E105: Confederation
A106: Geographic distribution | B106: Global | C106: International | D106: Multi-domestic | E106: Transnational
A107: Configuration | B107: Simple | C107: Functional | D107: Divisional | E107: Matrix
A108: Environment | B108: Calm | C108: Varied | D108: Locally stormy | E108: Turbulent
A109: Strategy types | B109: Reactor | C109: Defender | D109: Prospector | E109: Analyzer with innovation | F109: Analyzer without innovation
A110: Organizational goals | B110: Neither | C110: Efficiency | D110: Effectiveness | E110: Efficiency and Effectiveness
